 Dungeon Crawl Stone Soup version 0.31.0-11-ge490571c62 (webtiles) character file.

Game seed: 2262189861885671485

32 Aneyh the Slasher (level 3, 0/24 HPs)
             Began as a Tengu Monk on Feb 4, 2024.
             Slain by an adder (1 damage)
             ... on level 2 of the Dungeon.
             The game lasted 00:01:31 (908 turns).

Aneyh the Slasher (Tengu Monk)                       Turns: 908, Time: 00:01:31

Health: 0/24       AC:  2    Str: 11    XL:     3   Next: 27%
Magic:  4/4        EV: 13    Int: 10    God:
Gold:   70         SH:  0    Dex: 18    Spells: 2/2 levels left

rFire   . . .        a - +0 falchion
rCold   . . .        (no shield)
rNeg    . . .        b - +0 robe
rPois   .            (helmet restricted)
rElec   .            (no cloak)
rCorr   .            (no gloves)
SInv    .            (boots unavailable)
Will    .....        (no amulet)
Stlth   +            (no ring)
HPRegen 0.24/turn    (no ring)
MPRegen 0.09/turn

%: acrobat
@: confused, lethally poisoned (0 -> -7), ambrosia-drunk, very slow
A: beak, talons 3, acrobatic
a: no special abilities


You were on level 2 of the Dungeon.
You visited 1 branch of the dungeon, and saw 2 of its levels.

You collected 70 gold pieces.

Inventory:

Hand Weapons
 a - a +0 falchion (weapon)
Armour
 b - a +0 robe (worn)
 d - an orb of light
Jewellery
 f - a ring of poison resistance
Scrolls
 e - a scroll of torment {unknown}
 h - a scroll of brand weapon {unknown}
 i - a scroll of identify {unknown}
Potions
 g - a potion of curing {unknown}


   Skills:
 + Level 3.8 Fighting
 - Level 4.0 Long Blades
 - Level 3.2 Dodging


You had 2 spell levels left.
You didn't know any spells.
Your spell library contained the following spells:

 Spells                   Type           Power      Damage    Failure   Level
 Kiss of Death            Conj/Necr      0%         2d5       36%         1
 Sandblast                Erth           0%         2d4       36%         1
 Confusing Touch          Hex            0%         N/A       75%         3
 Hailstorm                Conj/Ice       0%         3d5       75%         3
 Passwall                 Erth           0%         N/A       75%         3
 Stone Arrow              Conj/Erth      0%         3d7       75%         3
 Summon Ice Beast         Ice/Summ       0%         N/A       75%         3
 Brom's Barrelling Bould  Conj/Erth      0%         2d3       98%         4
 Dispel Undead            Necr           0%         3d6       98%         4
 Sculpt Simulacrum        Ice/Alch       0%         N/A       100%        6


Dungeon Overview and Level Annotations

Branches:
Dungeon (2/15)

Altars:

Shops:
D:1 *


Innate Abilities, Weirdness & Mutations

You have a beak for a mouth.
You have claws for feet.
You can magically evade attacks while moving or waiting.


Message History

The adder bites you.
You slash the adder!
The adder is severely wounded.
The adder bites you.
You are poisoned.
The adder poisons you!
You closely miss the adder. Your punch misses the adder.
The adder is severely wounded.
You feel sick. The adder bites you.
You closely miss the adder. You claw the adder.
The adder is almost dead.
You feel sick. The adder bites you.
You are more poisoned.
The adder poisons you! The adder bites you.
You are lethally poisoned!
The adder poisons you!
You miss the adder.
The adder is almost dead.
You feel very sick. The adder bites you but does no damage.
You barely miss the adder.
The adder is almost dead.
* * * LOW HITPOINT WARNING * * *
You feel very sick. The adder barely misses you. The adder bites you.
* * * LOW HITPOINT WARNING * * *
You are more poisoned.
The adder poisons you!
You are confused.
You feel invigorated.
* * * LOW HITPOINT WARNING * * *
You feel very sick. The adder bites you.
* * * LOW HITPOINT WARNING * * *
You hit the adder. Your kick misses the adder.
The adder is almost dead.
* * * LOW HITPOINT WARNING * * *
You feel very sick. The adder bites you.
You die...

#[.~♣~≈≈≈≈≈≈
#.♣~~~≈≈≈≈≈≈
#..PP~≈≈≈≈≈≈
#..♣~≈≈≈≈≈≈≈
#.♣♣~≈≈≈≈≈≈≈
#.♣♣~≈≈≈≈≈≈≈
#..♣~~≈≈≈≈≈≈
#.♣~~P≈≈≈≈≈≈
#..♣@S~≈≈≈≈≈
##♣♣~~♣≈≈w~≈
~♣~~~≈≈~P ..
~~~~~P~ ..♣
~♣~~~P~ #..
P~P~~~~ ##.
♣~ P~~~ #
♣P~~~~


You could see a ribbon worm and an adder.

Vanquished Creatures
  A gnoll (D:1)
  A dart slug (D:1)
  2 bats (D:1)
  6 endoplasms (D:1)
  2 goblins (D:1)
  A hobgoblin (D:1)
  2 jackals (D:1)
  2 quokkas (D:1)
  A ball python (D:1)
18 creatures vanquished.

Notes
Turn   | Place    | Note
-------+----------+-------------------------------------------
     0 | D:1      | Aneyh the Tengu Monk began the quest for the Orb.
     0 | D:1      | Reached XP level 1. HP: 14/14 MP: 2/2
   161 | D:1      | Reached XP level 2. HP: 10/19 MP: 3/3
   205 | D:1      | Reached skill level 4 in Long Blades
   212 | D:1      | Found Kefunk's Assorted Antiques.
   325 | D:1      | Reached XP level 3. HP: 12/23 MP: 4/4
   906 | D:2      | HP: 1/24 [adder (4)]
   908 | D:2      | Slain by an adder

Illustrated notes

Levels and vault maps discovered:
D:1:      dpeg_arrival_long_road, layout_loops_ring, serial_shops,
          nicolae_shop_stone
D:2:      minmay_recursive_quarters, layout_basic, serial_shops, shop,
          serial_bayou, serial_bayou_pond_c, serial_bayou_crossing,
          serial_bayou_ford_a, serial_bayou_lake_a, minmay_split_cup_large,
          uniq_natasha, uniq_robin, uniq_terence

Skill      XL: |  1  2 |
---------------+-------+-----
Long Blades    | 4 |  4.0
Fighting       | |  3.8
Dodging        | |  3.2

Action                     || total
---------------------------++-------
  Melee: Falchion          ||    50
         Kick              ||    11
         Peck              ||     3
    Use: Potion            ||     1
   Stab: Sleeping          ||     1
 Armour: Robe              ||    23
  Dodge: Dodged            ||    41
